AoeStats
← shh_haw

Arabia

510406419Analyzed
1v1 RM · 23h ago on Sep 30, 2026· 12m 29s· 2 players
Game mode
Random Map
Map size
Tiny (2 player)
Population
200
Speed
Normal
Resources
Standard
Victory
Conquest
Starting age
Dark Age
Ending age
Imperial Age
RankedLock teamsTeams togetherTeam positionsShared explorationLock speedFull tech treeHidden civsTurbo modeCheats
Victory
Defeat
🇺🇸 Armenians · United States
1441
+14
🇨🇴 Persians · Colombia
1400
-14
shh_haw
7:16 Loom
9:15 Feudal Age
9:39 Man-at-Arms
10:46 Arson
11:41 Double-Bit Axe
11:26 Long Swordsman
Foreverparra
6:09 Loom
8:52 Feudal Age
Connection lost

Rejoining the realm…

Still unreachable

The connection could not be restored.

Session expired

The server has moved on; the page needs a fresh start.